 Dungeon Crawl Stone Soup version 0.29-a0-359-g541a27f54d (webtiles) character file.

Game seed: 16142533701117000608

5380 domi the Destroyer (level 10, -14/77 HPs)
             Began as a Demonspawn Hedge Wizard on Apr 27, 2022.
             Was an Initiate of Gozag.
             Demolished by Gastronok (37 damage)
             ... on level 8 of the Dungeon.
             The game lasted 00:23:32 (13584 turns).

domi the Destroyer (Demonspawn Hedge Wizard)       Turns: 13584, Time: 00:23:33

Health: -14/77     AC:  7    Str: 11    XL:     10   Next: 39%
Magic:  6/26       EV: 12    Int: 20    God:    Gozag
Gold:   711        SH:  0    Dex: 12    Spells: 9/19 levels left

rFire   . . .      SeeInvis .   J - +3 mace (freeze)
rCold   . . .      Faith    .   (no shield)
rNeg    . . .      Spirit   .   b - +0 robe
rPois   .          Reflect  .   u - +0 helmet
rElec   .          Harm     .   D - +0 cloak
rCorr   .          Rampage  .   (no gloves)
Will    .....                   N - +0 pair of boots
Stlth   ++........              (no amulet)
HPRegen 0.22/turn               j - ring of magical power {MP+9}
MPRegen 0.40/turn               (no ring)

@: gold aura, slowed, very slow
A: thin metallic scales 1, magic regeneration, demonic touch 2
a: Renounce Religion, Potion Petition, Call Merchant, Bribe Branch


You were on level 8 of the Dungeon.
You worshipped Gozag.
Gozag was pleased with you.
You visited 2 branches of the dungeon, and saw 10 of its levels.

You collected 884 gold pieces.
You paid 173 gold pieces to Gozag.

Inventory:

Hand Weapons
 a - a +0 dagger
 v - a +0 dagger of freezing
   (You took it off a goblin on level 3 of the Dungeon)
 B - a +2 whip of distortion {!w}
   (You found it on level 4 of the Dungeon)
 E - a +4 flail
   (You found it on level 5 of the Dungeon)
 J - a +3 mace of freezing (weapon)
   (You took it off a wight on level 6 of the Dungeon)
Missiles
 x - 3 throwing nets {=f, !d=f}
Armour
 b - a +0 robe (worn)
 c - a +0 hat
 u - a +0 helmet (worn)
   (You took it off Robin on level 3 of the Dungeon)
 D - a +0 cloak (worn)
   (You took it off Crazy Yiuf on level 4 of the Dungeon)
 I - the +5 scale mail "Fobuficu" {Drain +Inv rElec Regen+}
   (You took it off a wight on level 6 of the Dungeon)

   rElec:     It insulates you from electricity.
   +Inv:      It lets you turn invisible.
   Regen:     It increases your rate of health regeneration.
   Drain:     It drains your maximum health when unequipped.
 M - the +0 leather armour of Lutis {+Blink Will+}
   (You found it on level 7 of the Dungeon)

   +Blink:    It lets you blink.
   Will:      It increases your willpower.
 N - a +0 pair of boots (worn)
   (You found it on level 8 of the Dungeon)
 O - a +0 pair of boots
   (You found it on level 8 of the Dungeon)
Jewellery
 g - a ring of fire {rF+, rC-}
   (You found it on level 1 of the Dungeon)
 j - a ring of magical power (left hand) {MP+9}
   (You found it on level 1 of the Dungeon)
Wands
 t - a wand of digging (2)
   (You took it off Robin on level 3 of the Dungeon)
 y - a wand of acid (12)
   (You found it on level 7 of the Dungeon)
 C - a wand of flame (29)
   (You found it on level 4 of the Dungeon)
Scrolls
 e - 2 scrolls of immolation {unknown}
 i - 19 scrolls of identify {unknown}
 k - a scroll of brand weapon {unknown}
 m - 2 scrolls of blinking {unknown}
 n - 4 scrolls of vulnerability {unknown}
 A - 2 scrolls of enchant weapon {unknown}
 F - a scroll of holy word {unknown}
 G - a scroll of teleportation {unknown}
 H - a scroll of acquirement {unknown}
Potions
 d - a potion of magic
 f - 4 potions of heal wounds {unknown}
 h - a potion of berserk rage {unknown}
 l - 2 potions of flight {unknown}
 o - 2 potions of haste {unknown}
 p - a potion of might {unknown}
 q - a potion of ambrosia {unknown}
 r - a potion of curing {@q1}
 s - 2 potions of lignification {unknown}
 w - 2 potions of brilliance {unknown}
 z - 2 potions of degeneration {unknown}
 K - 3 potions of cancellation {unknown}
 P - a potion of mutation {unknown}


   Skills:
 + Level 6.3 Fighting
 - Level 1.7 Dodging
 - Level 1.7 Stealth
 - Level 5.0 Spellcasting
 + Level 8.2 Conjurations
 - Level 5.0 Summonings
 - Level 5.0 Translocations
 - Level 5.0 Air Magic
 - Level 5.0 Poison Magic


You had 9 spell levels left.
You knew the following spells:

 Your Spells              Type           Power      Damage    Failure   Level
b - Blink                 Tloc           50%        N/A       2%          2
c - Mephitic Cloud        Conj/Pois/Air  29%        N/A       2%          3
x - Call Imp              Summ           25%        N/A       2%          2
y - Searing Ray           Conj           76%        2d7       1%          2
z - Magic Dart            Conj           100%       1d8       1%          1

Your spell library contained the following spells:

 Spells                   Type           Power      Damage    Failure   Level
 Poisonous Vapours        Pois/Air       50%        N/A       2%          2
 Corpse Rot               Necr/Air       30%        N/A       6%          2
 Conjure Flame            Conj/Fire      21%        6-21      6%          3
 Slow                     Hex            20%        N/A       12%         1
 Spider Form              Tmut/Pois      15%        N/A       12%         3
 Ensorcelled Hibernation  Hex/Ice        10%        N/A       17%         2
 Fulminant Prism          Conj/Hex       10%        3d9       22%         4
 Confusing Touch          Hex            5%         N/A       34%         3
 Vampiric Draining        Necr           5%         2d6       34%         3
 Anguish                  Hex/Necr       2%         N/A       75%         4


Dungeon Overview and Level Annotations

Branches:
Dungeon (9/15)             Temple (1/1) D:6
   Lair: D:8-11         Orc: D:9-12

Altars:
Ashenzari
Cheibriados
Dithmenos
Elyvilon
Fedhas
Gozag
Hepliaklqana
Kikubaaqudgha
Makhleb
Nemelex Xobeh
Okawaru
Qazlal
Ru
Sif Muna
Trog
Uskayaw
Vehumet
Wu Jian
Xom
Yredelemnul
Zin
The Shining One

Annotations:
D:3 3 runed translucent doors, Antichthon's ghost, weakling NaWr
D:8 Gastronok


Innate Abilities, Weirdness & Mutations

You are partially covered in thin metallic scales. (AC +2)
You regenerate magic rapidly.
Your touch may inflict irresistible damage on your foes.


Message History

You now have 17/26 mp.
The searing ray hits Gastronok.
An orc wizard comes into view. It is wielding a +0 dagger.
Your crimson imp hits Gastronok but does no damage.
The searing ray hits Gastronok!
Gastronok gurgles.
Gastronok looks at you while chanting.
You feel yourself slow down.
Your crimson imp hits Gastronok.
You now have 16/26 mp.
The searing ray hits Gastronok.
You finish channelling your searing ray.
Your crimson imp hits Gastronok but does no damage.
Aim: Gastronok, wearing a +1 hat (moderately wounded, ally target, 100% to hit)
The searing ray hits Gastronok. (Press . to maintain the ray.) Gastronok sloshes about.
Gastronok bites you!!
Your crimson imp hits Gastronok.
You take 26 damage, and have 51/77 hp.
MASSIVE DAMAGE!!
You now have 14/26 mp.
The searing ray hits Gastronok!
The orc wizard hits you but does no damage. x2
Gastronok bites you!
Your crimson imp hits Gastronok.
You take 7 damage, and have 44/77 hp.
The searing ray hits Gastronok!
The orc wizard hits you but does no damage.
Your crimson imp hits Gastronok but does no damage.
Gastronok is distracted by your dazzling golden aura.
Gastronok gurgles horribly!
The searing ray hits Gastronok.
Gastronok is no longer distracted by gold.
You finish channelling your searing ray.
The orc wizard barely misses you.
The orc wizard hits you but does no damage.
Your crimson imp blinks!
You now have 13/26 mp.
The orc wizard hits you but does no damage.
Gastronok's eyestalks quiver as he mumbles some strange words.
Your crimson imp blinks!
You climb upwards.
The bat disappears in a puff of smoke! x2
The river rat disappears in a puff of smoke!
There is a stone staircase leading down here.
Things that are here:
a +0 robe; a +0 dagger You regained 2 mp, and now have 15/26 mp.
You blink.
You now have 13/26 mp.
Aim: Gastronok, wearing a +1 hat (heavily wounded, chance to affect: 5%)
The ball explodes into a vile cloud!
The stinking cloud engulfs Gastronok but does no damage.
The stinking cloud engulfs the orc wizard but does no damage.
You feel stable enough to blink again.
The orc wizard is engulfed in noxious fumes.
The orc wizard appears confused.
Gastronok is engulfed in noxious fumes.
Gastronok waves his eye-stalks in wide circles.
The air twists around and strikes you!!
* * * LOW HITPOINT WARNING * * *
You take 26 damage, and have 20/77 hp.
MASSIVE DAMAGE!!
You now have 11/26 mp.
Aim: Gastronok, wearing a +1 hat (noxious fumes, heavily wounded, 100% to hit)
The searing ray hits Gastronok! (Press . to maintain the ray.)
The orc wizard is engulfed in noxious fumes.
The orc wizard appears confused.
The orc wizard hits Gastronok with a +0 dagger.
You now have 9/26 mp.
The searing ray hits Gastronok.
The orc wizard is engulfed in noxious fumes.
The orc wizard appears confused.
The orc wizard hits Gastronok with a +0 dagger.
Gastronok is engulfed in noxious fumes.
The searing ray hits Gastronok!
The orc wizard is engulfed in noxious fumes. x2
The orc wizard appears confused.
The orc wizard hits Gastronok but does no damage.
Gastronok's eyestalks quiver as he mumbles some strange words.
The searing ray hits the quokka!
You kill the quokka!
The quokka's corpse disappears in a puff of smoke!
The searing ray hits Gastronok!
The searing ray misses the orc wizard.
You finish channelling your searing ray.
The orc wizard is engulfed in noxious fumes.
The orc wizard appears confused.
The orc wizard hits the quokka with a +0 dagger.
The quokka is killed!
The quokka's corpse disappears in a puff of smoke!
You now have 8/26 mp.
Aim: an orc wizard, wielding a +0 dagger and wearing a +0 robe (confused, 91% to hit)
The searing ray hits Gastronok.
The searing ray hits the orc wizard. (Press . to maintain the ray.)
You now have 7/26 mp.
The searing ray hits Gastronok.
The searing ray hits the orc wizard.
You now have 6/26 mp.
The searing ray hits Gastronok.
The searing ray hits the orc wizard!
You kill the orc wizard!
Gastronok bites you!!!
You die...
Your body crumbles into a pile of gold.

#...
###############..)
#.............'...
#.#############...
#.#....#....# #...
#.#.##.#.##.###...
#.#....#..........
#.#..#....#.##....
#@######..#.##....
#w##........##)...
#.##.##..##.......
#.##.....##.##.###
#$#####.###.##.###
#>................
#.#####.####....##
#.......# #....#
######### #....#


You could see Gastronok.

Vanquished Creatures
  A two-headed ogre (D:5)
  Pikel (D:8)
  A manticore (D:9)
  Maggie (D:8)
  Prince Ribbit (D:5)
  A wyvern (D:8)
  A steam dragon (D:8)
  Edmund (D:6)
  A water moccasin (D:7)
  2 orc warriors
  A black bear (D:9)
  A sky beast (D:6)
  5 centaurs
  4 lemures (D:8)
  4 bullfrogs
  A gnoll sergeant (D:3)
  5 scorpions
  9 wights
  A howler monkey (D:6)
  6 jellies
  5 hounds
  5 orc priests
  Crazy Yiuf (D:4)
  Jessica (D:3)
  2 iguanas (D:6)
  9 orc wizards
  Natasha (twice) (D:3)
  Robin (D:3)
  9 adders
  7 gnolls (D:3)
  A shadow imp (D:7)
  2 white imps (D:5)
  An ufetubus (D:6)
  A worm (D:2)
  4 dart slugs
  25 orcs
  8 ball pythons
  3 endoplasms
  2 giant cockroaches (D:1)
  12 goblins
  8 hobgoblins
  5 jackals (D:1)
  A quokka (D:1)
  4 bats
  2 frilled lizards (D:3)
  4 kobolds
  5 rats
178 creatures vanquished.

Vanquished Creatures (others)
  7 fungi
  15 plants
22 creatures vanquished.

Grand Total: 200 creatures vanquished

Notes
Turn   | Place    | Note
-------+----------+-------------------------------------------
     0 | D:1      | domi the Demonspawn Hedge Wizard began the quest for the
                  | Orb.
     0 | D:1      | Reached XP level 1. HP: 13/13 MP: 4/4
   295 | D:1      | Reached skill level 2 in Conjurations
   300 | D:1      | Gained mutation: You are partially covered in thin metallic
                  | scales. (AC +2) [demonic ancestry]
   300 | D:1      | Reached XP level 2. HP: 17/19 MP: 4/6
  1078 | D:2      | Reached skill level 3 in Conjurations
  1078 | D:2      | Reached XP level 3. HP: 22/24 MP: 7/7
  1662 | D:2      | Found a burning altar of Makhleb.
  1686 | D:2      | Found a faded altar of an unknown god.
  2087 | D:3      | Noticed a gnoll sergeant
  2434 | D:3      | Noticed Natasha
  2446 | D:3      | Killed Natasha
  2447 | D:3      | Reached skill level 4 in Conjurations
  2447 | D:3      | Gained mutation: You regenerate magic rapidly. [demonic
                  | ancestry]
  2447 | D:3      | Reached XP level 4. HP: 30/30 MP: 8/8
  2463 | D:3      | Learned a level 2 spell: Call Imp
  2466 | D:3      | Learned a level 2 spell: Blink
  2470 | D:3      | Learned a level 3 spell: Mephitic Cloud
  2823 | D:3      | Reached XP level 5. HP: 35/35 MP: 9/9
  2827 | D:3      | Reached skill level 5 in Conjurations
  2827 | D:3      | Reached skill level 2 in Summonings
  2844 | D:3      | Noticed Natasha
  2999 | D:2      | Learned a level 2 spell: Searing Ray
  3112 | D:3      | Found a runed translucent gate.
  3112 | D:3      | Found a runed translucent gate.
  3112 | D:3      | Noticed Antichthon's ghost (weakling NaWr)
  3125 | D:3      | Found a runed translucent gate.
  3157 | D:3      | Reached skill level 3 in Summonings
  3226 | D:3      | Noticed Jessica
  3232 | D:3      | Killed Jessica
  3263 | D:3      | Reached XP level 6. HP: 41/41 MP: 10/10
  3518 | D:3      | Noticed Robin
  3526 | D:3      | Killed Robin
  3617 | D:3      | Killed Natasha
  3805 | D:4      | Reached skill level 4 in Summonings
  4383 | D:4      | Reached skill level 5 in Summonings
  4452 | D:4      | Found a basalt altar of Yredelemnul.
  4600 | D:4      | You fall into a shaft and drop 3 floors!
  4600 | D:7      | Noticed a water moccasin
  4608 | D:7      | Killed a water moccasin
  4609 | D:7      | Reached skill level 1 in Air Magic
  4609 | D:7      | Reached skill level 1 in Poison Magic
  4609 | D:7      | Reached XP level 7. HP: 14/46 MP: 11/11
  4611 | D:7      | HP: 11/46 [poisoned by a water moccasin]
  5051 | D:6      | Reached skill level 2 in Air Magic
  5051 | D:6      | Reached skill level 2 in Poison Magic
  5184 | D:5      | Entered Level 5 of the Dungeon
  5265 | D:5      | Reached skill level 3 in Poison Magic
  5278 | D:5      | Reached skill level 3 in Air Magic
  6003 | D:4      | Found a runed translucent door.
  6004 | D:4      | Noticed Crazy Yiuf
  6279 | D:4      | Killed Crazy Yiuf
  6468 | D:5      | Noticed Prince Ribbit
  6473 | D:5      | HP: 10/46 [Prince Ribbit (10)]
  6479 | D:5      | Killed Prince Ribbit
  6480 | D:5      | Reached skill level 4 in Air Magic
  6480 | D:5      | Reached skill level 4 in Poison Magic
  6480 | D:5      | Gained mutation: Your touch may inflict minor irresistible
                  | damage on your foes. [demonic ancestry]
  6480 | D:5      | Reached XP level 8. HP: 12/52 MP: 4/12
  6958 | D:5      | Noticed a two-headed ogre
  6974 | D:5      | HP: 8/52 [two-headed ogre/+0 giant club (6)]
  7418 | D:5      | Killed a two-headed ogre
  7419 | D:5      | Reached skill level 5 in Air Magic
  7419 | D:5      | Reached skill level 5 in Poison Magic
  7419 | D:5      | Reached skill level 2 in Fighting
  8030 | D:6      | Reached skill level 4 in Spellcasting
  8030 | D:6      | Reached skill level 1 in Translocations
  8115 | D:6      | Noticed Edmund
  8134 | D:6      | Killed Edmund
  8135 | D:6      | Gained mutation: Your touch may inflict irresistible damage
                  | on your foes. [demonic ancestry]
  8135 | D:6      | Reached XP level 9. HP: 57/62 MP: 6/15
  8160 | D:6      | Reached skill level 6 in Conjurations
  8205 | D:6      | Reached skill level 3 in Fighting
  8594 | D:6      | Identified the +5 scale mail "Fobuficu" {Drain +Inv rElec
                  | Regen+}
  8610 | D:6      | Reached skill level 2 in Translocations
  9275 | D:6      | Found a staircase to the Ecumenical Temple.
  9288 | Temple   | Entered the Ecumenical Temple
  9674 | Temple   | Became a worshipper of Gozag Ym Sagoz the Greedy
  9785 | D:7      | HP: 8/63 [orc warrior/+0 dire flail (17)]
 10446 | D:7      | Reached skill level 4 in Fighting
 10601 | D:7      | Identified the +0 leather armour of Lutis {+Blink Will+}
 10626 | D:7      | HP: 14/65 [centaur (3)]
 10893 | D:7      | Reached skill level 5 in Spellcasting
 10893 | D:7      | Reached skill level 3 in Translocations
 10962 | D:8      | Noticed Maggie
 10979 | D:8      | HP: 15/65 [Maggie/+0 halberd of flaming (3)]
 10986 | D:8      | Killed Maggie
 10987 | D:8      | Reached skill level 7 in Conjurations
 11245 | D:8      | Noticed Pikel
 11277 | D:8      | Killed Pikel
 11278 | D:8      | Reached skill level 5 in Fighting
 11278 | D:8      | Reached skill level 4 in Translocations
 11491 | D:8      | Reached XP level 10. HP: 60/74 MP: 17/17
 12984 | D:9      | Noticed a manticore
 13015 | D:9      | Killed a manticore
 13016 | D:9      | Reached skill level 6 in Fighting
 13016 | D:9      | Reached skill level 8 in Conjurations
 13016 | D:9      | Reached skill level 5 in Translocations
 13020 | D:9      | HP: 14/76 [orc warrior/+0 short sword (8)]
 13021 | D:9      | HP: 2/76 [orc warrior/+0 short sword (12)]
 13028 | D:9      | Noticed Gastronok
 13584 | D:8      | Demolished by Gastronok

Illustrated notes

Levels and vault maps discovered:
D:1:      mrwooster_arrival_statue, layout_rooms
D:2:      layout_basic, ebering_ecumenical_altar_box, basic_altar
D:3:      layout_loops_ring, gammafunk_ghost_nasty_kobolds, uniq_natasha,
          uniq_jessica, uniq_robin
D:4:      layout_cave_pods, lemuel_doored_altar, uniq_crazy_yiuf_cottage
D:5:      layout_basic, uniq_prince_ribbit1
D:6:      layout_gridville, minmay_temple_entry_offerings, uniq_edmund
D:7:      layout_basic
D:8:      lemuel_ice_spiral_2, layout_basic, eino_small_chamber_without_monster,
          uniq_maggie, uniq_pikel
D:9:      layout_layer_cave, grunt_lair_entry_orc_guard_hut, uniq_gastronok
Temple:   mainiacjoe_temple_trianglar_array

Skill      XL: |  1  2  3  4  5  6  7  8  9 10 |
---------------+-------------------------------+-----
Conjurations   | 2 3 4 5 7 8 |  8.2
Summonings     | 3 5 |  5.0
Air Magic      | 1 4 5 |  5.0
Poison Magic   | 1 4 5 |  5.0
Fighting       | 2 5 6 |  6.3
Spellcasting   | 4 5 |  5.0
Translocations | 1 4 5 |  5.0
Dodging        | |  1.7
Stealth        | |  1.7

Action                   |  1- 3 |  4- 6 |  7- 9 | 10-12 || total
-------------------------+-------+-------+-------+-------++-------
Melee: Dagger            |    36 |       |     2 |       ||    38
       Touch             |       |       |     2 |     2 ||     4
       Mace              |       |       |     3 |     4 ||     7
 Cast: Magic Dart        |   108 |    83 |    75 |     6 ||   272
       Mephitic Cloud    |       |     1 |    13 |     2 ||    16
       Searing Ray       |       |    19 |    83 |    30 ||   132
       Blink             |       |       |     5 |     1 ||     6
       Call Imp          |       |       |     3 |     1 ||     4
Evoke: Wand              |       |       |     1 |       ||     1
  Use: Potion            |       |       |     4 |     2 ||     6
Armor: Robe              |    10 |     5 |    29 |    29 ||    73
       Skin              |    12 |       |       |       ||    12
Dodge: Dodged            |    42 |    23 |    74 |    29 ||   168

Table legend: (Time is in decaauts)
 A = Elapsed time spent in this place.
 B = Non-inter-level travel time spent in this place.
 C = Inter-level travel time spent in this place.
 D = Time resting spent in this place.
 E = Time spent auto-exploring this place.
 F = Levels seen in this place.
 G = Mean time per level.
                   A        B        C        D        E       F      G
               +--------+--------+--------+--------+--------+-----+--------+
         Total |  13610 |  12985 |    625 |   5052 |   6437 |  10 | 1361.0 |
       Dungeon |  13179 |  12598 |    581 |   5052 |   6081 |   9 | 1464.3 |
        Temple |    430 |    386 |     44 |      0 |    356 |   1 |  430.0 |
               +--------+--------+--------+--------+--------+-----+--------+

Top non-repeatable levels by time:
     D:8: 2389 daAuts
     D:4: 2340 daAuts
     D:6: 1606 daAuts
     D:2: 1577 daAuts
     D:7: 1496 daAuts
     D:5: 1337 daAuts
     D:3: 1234 daAuts
     D:1: 943 daAuts
  Temple: 430 daAuts
     D:9: 253 daAuts

Table legend:
 A = Kills in this place as a percentage of kills in entire the game.
 B = Kills by you in this place as a percentage of kills by you in the entire game.
 C = Kills by friends in this place as a percentage of kills by friends in the entire game.
 D = Other kills in this place as a percentage of other kills in the entire game.
 E = Experience gained in this place as a percentage of experience gained in the entire game.
 F = Experience gained in this place divided by the number of levels of this place that you have seen.
                   A       B       C       D       E      F
               +-------+-------+-------+-------+-------+----------------------
         Total | 100.0 | 100.0 |   N/A |   N/A | 100.0 | 772.2
       Dungeon | 100.0 | 100.0 |   N/A |   N/A | 100.0 | 858.0
               +-------+-------+-------+-------+-------+----------------------
